 Dungeon Crawl Stone Soup version 0.19-a0-944-gb338e1e (webtiles) character file.

88 CInkIbrahim the Poker (level 4, -5/29 HPs)
             Began as an Octopode Gladiator on July 9, 2016.
             Slain by a gnoll
             ... wielding a +0 spear
              (6 damage)
             ... on level 2 of the Dungeon.
             The game lasted 00:02:37 (1541 turns).

CInkIbrahim the Poker (Octopode Gladiator)          Turns: 1541, Time: 00:02:38

Health: -5/29      AC:  1    Str: 14    XL:     4   Next: 53%
Magic:  4/4        EV: 13    Int: 10    God:
Gold:   61         SH:  0    Dex: 13    Spells: 0 memorised, 3 levels left

rFire  . . .     SeeInvis .     a - +0 trident
rCold  . . .     Gourm    .     (no shield)
rNeg   . . .     Faith    .     b - +0 hat
rPois  .         Spirit   .     (no amulet)
rElec  .         Dismiss  .     h - ring of stealth
rCorr  .         Reflect  .     (no ring)
SustAt .         Harm     .     (no ring)
MR     .....                    (no ring)
Stlth  +++.......               (no ring)
                                (no ring)
                                (no ring)
                                (no ring)

@: not resistant to hostile enchantments, fairly stealthy
A: almost no armour, amphibious, 8 rings, constrict 8, camouflage 1, gelatinous
body 1
a: no special abilities


You were on level 2 of the Dungeon.
You were not hungry.

You visited 1 branch of the dungeon, and saw 3 of its levels.

You collected 61 gold pieces.

Inventory:

Hand Weapons
 a - a +0 trident (weapon)
Missiles
 c - 3 throwing nets (quivered)
Armour
 b - a +0 hat (worn)
Jewellery
 h - a ring of stealth (left tentacle)
Scrolls
 e - 3 scrolls of identify {unknown}
 f - a scroll of fog {unknown}
 i - a scroll of remove curse {unknown}
 j - a scroll of magic mapping {unknown}
 m - a scroll of random uselessness {unknown}
Potions
 g - a potion of resistance {unknown}
 l - a potion of heal wounds {unknown}
 n - a potion of agility {unknown}
Comestibles
 d - 3 bread rations
 k - 2 meat rations


   Skills:
 - Level 2.0 Fighting
 + Level 5.1 Polearms
 - Level 2.0 Throwing
 - Level 3.0 Dodging


You had 3 spell levels left.
You didn't know any spells.

Dungeon Overview and Level Annotations

Branches:
Dungeon (3/15)

Altars:


Innate Abilities, Weirdness & Mutations

You cannot wear most types of armour.
You are amphibious.
You can wear up to eight rings at the same time.
You can use your tentacles to constrict eight enemies at once.
Your skin changes colour to match your surroundings (Stealth+).
Your rubbery body absorbs attacks. (AC +1)


Message History

* * * LOW HITPOINT WARNING * * *
The gnoll closely misses you.
You climb upwards.
There is a stone staircase leading down here.
You puncture the gnoll! Your grab misses the gnoll.
Your squeeze misses the gnoll.
The gnoll is severely wounded.
The gnoll barely misses you. x3
You closely miss the gnoll. Your grab misses the gnoll. You squeeze the gnoll.
You kill the gnoll!
The gnoll hits you with a spear.
* * * LOW HITPOINT WARNING * * *
The gnoll barely misses you. The gnoll barely misses you.
Things that are here:
a halberd; a gnoll corpse You puncture the gnoll!
Your grab misses the gnoll.
The gnoll is heavily wounded.
The gnoll hits you from afar with a spear.
You die...

.#.##........#.# #..........'..
.#.##........#.# #..........###
##.##........#.# #######'####
...###########.# ######.#
########## #.######......#
#.....>.# #.........#####
#.......# #.........# #.......#
#.........#
##.......#####.g@......#
.............'g........#
......##.#####.........#########
......##.# #.................#
....####.# #.................#
....# #.# #.................##
....# #.# #...................
....# #.# #..................#
....# #.# #######............#


You could see 2 gnolls.

Vanquished Creatures
  3 gnolls
  An adder (D:2)
  A dart slug (D:1)
  2 giant geckos
  A ball python (D:3)
  4 giant cockroaches (D:1)
  8 goblins
  A hobgoblin (D:3)
  5 jackals
  5 kobolds
  3 bats
  A giant newt (D:2)
  10 rats
45 creatures vanquished.

Notes
Turn   | Place    | Note
-------+----------+-------------------------------------------
     0 | D:1      | CInkIbrahim the Octopode Gladiator began the quest for the Orb.
     0 | D:1      | Reached XP level 1. HP: 14/14 MP: 1/1
    76 | D:1      | Reached XP level 2. HP: 19/19 MP: 2/2
   351 | D:1      | Reached skill level 4 in Polearms
   454 | D:1      | Reached XP level 3. HP: 24/24 MP: 3/3
  1360 | D:3      | Reached XP level 4. HP: 26/29 MP: 4/4
  1364 | D:3      | Reached skill level 5 in Polearms
  1539 | D:2      | HP: 1/29 [gnoll/spear (4)]
  1541 | D:2      | Slain by a gnoll

Vault maps used:
D:1:      onia_arrival_larder
D:3:      first_bread

Skill      XL: |  1  2  3  4 |
---------------+-------------+-----
Polearms       | 4 5 |  5.1
Fighting       | |  2.0
Throwing       | |  2.0
Dodging        | |  3.0

Action                   |  1- 3 |  4- 6 || total
-------------------------+-------+-------++-------
Melee: Trident           |    84 |     8 ||    92
       Tentacles         |     9 |     1 ||    10
       Constrict         |    19 |     1 ||    20
 Stab: Sleeping          |    11 |       ||    11
  Eat: Chunk             |     1 |     1 ||     2
Armor: Skin              |     5 |       ||     5
Dodge: Dodged            |    35 |    13 ||    48
